 Dungeon Crawl Stone Soup version 0.23-a0-644-gb60d84b635 (webtiles) character file.

7697 Napalmbreeze the Cleaver (level 11, -1/99 HPs)
             Began as a Deep Dwarf Monk on Jan 2, 2019.
             Was a Priest of Makhleb.
             Slain by a komodo dragon (6 damage)
             ... on level 11 of the Dungeon.
             The game lasted 00:23:07 (8331 turns).

Napalmbreeze the Cleaver (Deep Dwarf Monk)          Turns: 8331, Time: 00:23:07

Health: -1/99      AC: 13    Str: 18    XL:     11   Next: 0%
Magic:  8/8        EV:  9    Int: 11    God:    Makhleb [***...]
Gold:   502        SH:  0    Dex: 15    Spells: 10/10 levels left

rFire    . . .     SeeInvis +   s - +0 hand axe (vamp)
rCold    . . .     Gourm    .   (no shield)
rNeg     . . .     Faith    .   E - +0 plate armour
rPois    .         Spirit   .   (no helmet)
rElec    .         Reflect  .   (no cloak)
rCorr    .         Harm     .   (no gloves)
MR       ++...                  (no boots)
Stlth    ..........             (no amulet)
HPRegen  0.00/turn              D - ring of see invisible
MPRegen  0.11/turn              b - ring of protection from magic

@: non-regenerating
A: damage resistance, heal wounds, sense surroundings 2, no regeneration
a: Heal Wounds, Minor Destruction, Lesser Servant of Makhleb, Renounce Religion


You were on level 11 of the Dungeon.
You worshipped Makhleb.
Makhleb was most pleased with you.
You were not hungry.

You visited 2 branches of the dungeon, and saw 12 of its levels.

You collected 502 gold pieces.

Inventory:

Hand Weapons
 a - a +0 hand axe
 s - a +0 vampiric hand axe (weapon)
Armour
 d - a +0 scale mail
 E - a +0 plate armour (worn)
Jewellery
 b - a ring of protection from magic (right hand)
 p - an uncursed ring of wizardry
 D - a ring of see invisible (left hand)
 H - an uncursed ring of resist corrosion
Wands
 o - a wand of iceblast (6)
 y - a wand of enslavement (7)
 B - a wand of random effects (17)
Scrolls
 e - a scroll of fear
 g - 4 scrolls of amnesia
 m - 7 scrolls of remove curse
 n - 2 scrolls of enchant weapon
 q - 3 scrolls of magic mapping
 r - 5 scrolls of enchant armour
 t - 2 scrolls of teleportation
 v - 4 scrolls of blinking
 z - a scroll of identify
Potions
 f - 2 potions of might
 h - 3 potions of flight
 i - 2 potions of haste {unknown}
 j - 6 potions of curing
 k - 2 potions of mutation {unknown}
 l - 4 potions of agility
 w - 2 potions of heal wounds {unknown}
 x - a potion of resistance {unknown}
 A - 3 potions of cancellation
 C - a potion of magic {unknown}
 G - a potion of brilliance {unknown}
Miscellaneous
 u - a sack of spiders
Comestibles
 c - 15 rations


   Skills:
 + Level 6.8 Fighting
 * Level 11.1 Axes
 + Level 7.3 Armour
 + Level 8.2 Dodging
 - Level 2.4 Stealth
 + Level 5.7 Invocations
 + Level 7.5 Evocations


You had 10 spell levels left.
You didn't know any spells.
Your spell library contained the following spells:

 Spells                   Type           Power        Failure   Level  Hunger
 Animate Skeleton         Necr           N/A          100%        1    ##.....
 Magic Dart               Conj           #...         100%        1    ##.....
 Pain                     Necr           #...         100%        1    ##.....
 Sandblast                Erth           #.....       100%        1    ##.....
 Shock                    Conj/Air       #...         100%        1    ##.....
 Blink                    Tloc           N/A          100%        2    ###....
 Call Imp                 Summ           #.......     100%        2    ###....
 Passwall                 Tmut/Erth      #.......     100%        2    ###....
 Slow                     Hex            #.......     100%        2    ###....
 Swiftness                Chrm/Air       #.......     100%        2    ###....
 Conjure Flame            Conj/Fire      #.......     100%        3    ####...
 Mephitic Cloud           Conj/Pois/Air  #.......     100%        3    ####...
 Static Discharge         Conj/Air       #.......     100%        3    ####...
 Stone Arrow              Conj/Erth      #.....       100%        3    ####...
 Vampiric Draining        Necr           #.........   100%        3    ####...
 Airstrike                Air            #.........   100%        4    #####..
 Animate Dead             Necr           N/A          100%        4    #####..
 Petrify                  Tmut/Erth      #.......     100%        4    #####..
 Lee's Rapid Deconstruct  Erth           #.........   100%        5    ######.
 Lightning Bolt           Conj/Air       #.........   100%        5    ######.
 Regeneration             Chrm/Necr      Unusable     N/A         3    N/A

Dungeon Overview and Level Annotations

Branches:
Dungeon (11/15)            Temple (1/1) D:7            Lair (0/6) D:11
    Orc: D:9-12

Altars:
Ashenzari
Cheibriados
Elyvilon
Fedhas
Gozag
Hepliaklqana
Kikubaaqudgha
Makhleb
Okawaru
Qazlal
Ru
Sif Muna
Trog
Uskayaw
Vehumet
Wu Jian
Yredelemnul
Zin
The Shining One


Innate Abilities, Weirdness & Mutations

You are resistant to damage.
You can heal yourself by infusing magical energy.
You passively map the area around you.
You do not regenerate.


Message History

You barely miss the komodo dragon.
The komodo dragon is severely wounded.
You hit the yak.
You feel better. The komodo dragon bites you!!
* * * LOW HITPOINT WARNING * * *
Unknown command.
You hit the komodo dragon.
You feel better.
The komodo dragon is severely wounded.
You hit the yak but do no damage. The yak closely misses you.
The komodo dragon bites you!
* * * LOW HITPOINT WARNING * * *
Unknown command.
You feel much better. The yak gores you but does no damage.
The komodo dragon bites you!!
* * * LOW HITPOINT WARNING * * *
You hit the komodo dragon but do no damage.
The komodo dragon is severely wounded.
You barely miss the yak. The yak gores you!
* * * LOW HITPOINT WARNING * * *
The komodo dragon bites you!
You die...

, ,
,,########..##.......
,,,,
#....######....... ,
, ,
#................. ,
#................. *
,+................. ,
, #.................
, , ,
#................. ,
,#................. ,
,* #@................
, ,#Yl...............
*, #.................
,#....##........... ,
,
###'################
#..†...#, ,, ,
#......# , , *, * *
#......# , * #......#
, ,


You could see a komodo dragon and a yak.

Vanquished Creatures
  A cyclops (D:9)
  3 trolls (D:9)
  Grinder (D:6)
  A hippogriff (D:7)
  A spriggan (D:10)
  A wyvern (D:9)
  6 yaks (D:10)
  2 hungry ghosts
  A black bear (D:9)
  3 sky beasts
  A necrophage (D:5)
  2 ogres
  3 ice beasts (D:6)
  A phantom (D:5)
  An orc warrior (D:8)
  3 centaurs
  A big kobold (D:7)
  A big kobold (shapeshifter) (D:9)
  3 bullfrogs (D:8)
  2 scorpions
  3 wights (D:9)
  5 crimson imps
  2 centaur zombies
  2 bullfrog zombies
  7 hounds
  3 bullfrog skeletons
  5 orc priests
  A gnoll shaman (D:4)
  3 iguanas
  A jelly (D:8)
  6 orc wizards
  A centaur skeleton (D:5)
  17 worker ants
  2 worker ant zombies
  7 gnolls
  11 adders
  A shadow imp (D:9)
  An ooze (D:4)
  2 adder zombies
  2 adder skeletons
  A worm (D:2)
  A dart slug (D:5)
  5 leopard geckos
  36 orcs
  2 ball pythons
  2 giant cockroaches
  9 goblins
  7 hobgoblins
  3 quokkas
  5 bats
  10 frilled lizards
  A jackal zombie (D:6)
  11 kobolds
  A quokka skeleton (D:5)
  2 rats (D:3)
216 creatures vanquished.

Vanquished Creatures (collateral kills)
  A two-headed ogre (D:10)
  A gargoyle (D:10)
  3 yaks (D:11)
  A hungry ghost (D:10)
  A hornet zombie (D:10)
  An eye of draining (D:10)
  A black bear (D:10)
  A centaur (D:10)
  A bullfrog (D:10)
  5 killer bees (D:10)
  A worker ant zombie (D:10)
17 creatures vanquished.

Vanquished Creatures (others)
  A plant (D:11)
1 creature vanquished.

Grand Total: 234 creatures vanquished

Notes
Turn   | Place    | Note
-------+----------+-------------------------------------------
     0 | D:1      | Napalmbreeze the Deep Dwarf Monk began the quest for the
                  | Orb.
     0 | D:1      | Reached XP level 1. HP: 20/20 MP: 1/1
   130 | D:1      | Reached XP level 2. HP: 20/27 MP: 2/2
   684 | D:2      | Reached skill level 4 in Axes
   684 | D:2      | Reached skill level 1 in Armour
   684 | D:2      | Reached XP level 3. HP: 16/34 MP: 3/3
   840 | D:2      | Reached XP level 4. HP: 14/42 MP: 4/4
  1075 | D:2      | Found a glowing golden altar of the Shining One.
  1346 | D:3      | Found a blossoming altar of Fedhas.
  1410 | D:3      | Reached XP level 5. HP: 21/49 MP: 5/5
  1426 | D:3      | Reached skill level 5 in Axes
  1927 | D:4      | Found a shattered altar of Ashenzari.
  2015 | D:4      | Reached XP level 6. HP: 35/56 MP: 6/6
  2387 | D:4      | Reached skill level 6 in Axes
  2459 | D:4      | Reached XP level 7. HP: 51/64 MP: 7/7
  2561 | D:4      | Reached skill level 5 in Dodging
  2748 | D:5      | Entered Level 5 of the Dungeon
  2813 | D:5      | Reached skill level 1 in Evocations
  2980 | D:5      | Got a glittering bone amulet
  2981 | D:5      | Identified the amulet of the Robin {Inacc Stlth+} (You
                  | found it on level 5 of the Dungeon)
  3221 | D:5      | Reached skill level 7 in Axes
  3241 | D:5      | Reached XP level 8. HP: 34/72 MP: 8/8
  3634 | D:5      | Found an ornate altar of the Wu Jian Council.
  3985 | D:6      | Found an iron altar of Okawaru.
  3987 | D:6      | Found a hide-covered altar of Uskayaw.
  3990 | D:6      | Found an opulent altar of Gozag.
  4072 | D:6      | Noticed Grinder
  4149 | D:6      | Killed Grinder
  4149 | D:6      | Reached skill level 8 in Axes
  4300 | D:6      | Reached skill level 5 in Fighting
  4575 | D:6      | Reached skill level 5 in Armour
  5008 | D:7      | Gained mutation: You passively map the area around you.
                  | [Deep Dwarf growth]
  5008 | D:7      | Reached XP level 9. HP: 71/81 MP: 10/10
  5176 | D:7      | Found a staircase to the Ecumenical Temple.
  5186 | Temple   | Entered the Ecumenical Temple
  5228 | Temple   | Became a worshipper of Makhleb the Destroyer
  5228 | Temple   | Reached * piety under Makhleb
  5228 | Temple   | Reached ** piety under Makhleb
  5324 | D:7      | Found a glowing silver altar of Zin.
  5343 | D:7      | Reached skill level 1 in Invocations
  5745 | D:8      | Reached skill level 9 in Axes
  5994 | D:8      | Reached skill level 5 in Evocations
  6355 | D:9      | Noticed a troll
  6374 | D:9      | Killed a troll
  6907 | D:9      | Noticed a troll
  6916 | D:9      | Noticed a cyclops
  6956 | D:9      | Reached XP level 10. HP: 67/91 MP: 8/8
  7027 | D:9      | Reached skill level 10 in Axes
  7046 | D:9      | Reached *** piety under Makhleb
  7055 | D:9      | Killed a cyclops
  7270 | D:10     | Entered Level 10 of the Dungeon
  7461 | D:10     | Noticed a gargoyle
  7477 | D:10     | Reached skill level 5 in Invocations
  7493 | D:10     | Killed a gargoyle
  7741 | D:10     | Noticed a two-headed ogre
  7758 | D:10     | Killed a two-headed ogre
  8077 | D:10     | Reached skill level 11 in Axes
  8247 | D:11     | Found a staircase to the Lair.
  8307 | D:11     | HP: 4/92 [yak (2)]
  8314 | D:11     | Reached XP level 11. HP: 18/99 MP: 9/9
  8331 | D:11     | Slain by a komodo dragon

Vault maps used:
D:1:      dpeg_arrival_morbid_curiosity
D:2:      nicolae_tso_carved_into_rock, eino_tiny_chamber
D:3:      first_ration, serial_glass, glass_columns_a, glass_columns_a,
          glass_columns_a, glass_columns_a, glass_columns_b, glass_columns_a,
          glass_columns_c, glass_columns_a, fedhas_altar_1
D:4:      ashenzari_altar_1
D:5:      basic_altar
D:6:      minitemple, uniq_grinder
D:7:      nicolae_overflow_hidden_temple, minmay_temple_entry_hall
D:9:      kennysheep_blocky_room
D:10:     the_bakery
D:11:     david_lair_shrubbed
Temple:   jpeg_temple_clearing

Skill      XL: |  1  2  3  4  5  6  7  8  9 10 |
---------------+-------------------------------+-----
Fighting       | 3 4 5 6 |  6.8
Axes           | 4 5 6 7 8 9 11 | 11.1
Armour         | 1 2 3 4 5 6 7 |  7.3
Dodging        | 4 5 6 7 8 |  8.2
Evocations     | 2 4 6 7 |  7.5
Invocations    | 3 5 |  5.7
Stealth        | |  2.4

Action                   |  1- 3 |  4- 6 |  7- 9 | 10-12 || total
-------------------------+-------+-------+-------+-------++-------
Melee: Hand axe          |    85 |   302 |   898 |   345 ||  1630
Invok: Minor Destruction |       |       |     5 |     5 ||    10
       Lesser Servant of |       |       |       |     6 ||     6
 Abil: Heal Wounds       |     1 |     2 |    21 |    21 ||    45
Evoke: Wand              |       |       |     2 |     2 ||     4
  Use: Scroll            |     1 |     7 |     5 |     5 ||    18
  Eat: Chunk             |       |     3 |    16 |     4 ||    23
       Ration            |       |     2 |     6 |     2 ||    10
Armor: Scale mail        |    40 |   130 |   216 |       ||   386
       Robe              |     2 |       |       |       ||     2
       Plate armour      |       |       |   131 |   203 ||   334
Dodge: Dodged            |    49 |   227 |   518 |   160 ||   954

Table legend:
 A = Non-vault XP
 B = Vault XP
 C = Vault XP percentage of total XP
 D = Non-vault monster count
 E = Vault monster count
 F = Vault count percentage of total count
                 A         B        C        D         E       F
            +---------+---------+-------+---------+---------+-------
      Total |    9373 |    1624 |  14.8 |     220 |      13 |   5.6
            +---------+---------+-------+---------+---------+-------
        D:1 |      10 |       9 |  47.4 |       6 |       5 |  45.5
        D:2 |     117 |       0 |   0.0 |      16 |       0 |   0.0
        D:3 |     231 |       0 |   0.0 |      36 |       0 |   0.0
        D:4 |     542 |       0 |   0.0 |      35 |       0 |   0.0
        D:5 |     813 |       0 |   0.0 |      23 |       0 |   0.0
        D:6 |     704 |     281 |  28.5 |      14 |       1 |   6.7
        D:7 |     655 |       0 |   0.0 |      16 |       0 |   0.0
        D:8 |     901 |       0 |   0.0 |      19 |       0 |   0.0
        D:9 |    1630 |    1119 |  40.7 |      20 |       6 |  23.1
       D:10 |    3092 |     215 |   6.5 |      30 |       1 |   3.2
       D:11 |     678 |       0 |   0.0 |       5 |       0 |   0.0
            +---------+---------+-------+---------+---------+-------
